 Dungeon Crawl Stone Soup version 0.22-a0-305-gd21a89c538 (webtiles) character file.

23 Oravi the Bolt Thrower (level 3, -1/31 HPs)
             Began as a Kobold Hunter on Apr 1, 2018.
             Slain by a worm (7 damage)
             ... on level 2 of the Dungeon.
             The game lasted 00:02:57 (1175 turns).

Oravi the Bolt Thrower (Kobold Hunter)              Turns: 1175, Time: 00:02:58

Health: -1/31      AC: 21    Str:  9    XL:     3   Next: 12%
Magic:  3/3        EV:  3    Int: 12    God:
Gold:   45         SH:  0    Dex: 18    Spells: 2/2 levels left

rFire    . . .     SeeInvis .   b - +0 short sword
rCold    . . .     Gourm    .   (shield restricted)
rNeg     + + +     Faith    .   (armour currently unavailable)
rPois    +         Spirit   .   (helmet currently unavailable)
rElec    .         Reflect  .   (cloak currently unavailable)
rCorr    .         Harm     .   (gloves currently unavailable)
MR       .....     NoTele   +   (boots currently unavailable)
Stlth    ++........             (no amulet)
HPRegen  0.10/turn              (no ring)
MPRegen  0.08/turn              (no ring)

@: tree-form
A: small, agile 1, carnivore, high mp 1
a: no special abilities


You were on level 2 of the Dungeon.
You were full.
You were a tree.
You visited 1 branch of the dungeon, and saw 2 of its levels.

You collected 45 gold pieces.

Inventory:

Hand Weapons
 a - a +1 hand crossbow
 b - a +0 short sword (weapon)
Missiles
 d - 20 bolts
Armour
 c - a +0 leather armour (melded)
Scrolls
 e - 3 scrolls of enchant armour {unknown}
 g - 2 scrolls of teleportation {unknown}
 h - a scroll of magic mapping {unknown}
 i - 4 scrolls of identify {unknown}
 m - a scroll of enchant weapon {unknown}
 n - a scroll of fear {unknown}
Comestibles
 f - 3 rations


   Skills:
 - Level 2.1 Fighting
 * Level 2.5 Short Blades
 - Level 5.0 Crossbows
 + Level 2.9 Dodging
 - Level 1.3 Stealth


You had 2 spell levels left.
You didn't know any spells.

Dungeon Overview and Level Annotations

Branches:
Dungeon (2/15)

Altars:
Vehumet


Innate Abilities, Weirdness & Mutations

You are small and have problems with some larger weapons.
You are carnivorous and can eat meat at any time.
You are agile. (Dex +2)
((Your flesh is cold resistant. (rC+)))
You have an increased reservoir of magic. (+10% MP)


Message History

* * * LOW HITPOINT WARNING * * *
You hit the worm.
The worm is moderately wounded.
You barely miss the worm.
The worm is moderately wounded.
The worm bites you but does no damage.
You barely miss the worm.
The worm is lightly wounded.
You hit the worm.
The worm is heavily wounded.
The worm bites you but does no damage.
You hit the worm.
The worm is heavily wounded.
The worm bites you but does no damage.
You barely miss the worm.
The worm is heavily wounded.
You barely miss the worm.
The worm is heavily wounded.
The worm bites you!
You die...

#..........g# ##........####.#
.#.....#...# #.........'....#
#........r#####.........######
.........g....#.........#
#.#.....>####.#.........#
#......... #.#.........#
...####.# #.#.#.)...### ###
#.# #w#.####### #.# #♣#......#
## #.######.# #.#....#.#
#.##.#.#.# #.##.#.#.#######
#....#.#.......#
######.....###.# #####.# #.#


You could see a worm.

Vanquished Creatures
  5 bats
  A giant cockroach (D:2)
  2 goblins
  3 hobgoblins (D:1)
  A quokka (D:2)
  3 frilled lizards (D:1)
  3 kobolds
  6 rats
24 creatures vanquished.

Notes
Turn   | Place    | Note
-------+----------+-------------------------------------------
     0 | D:1      | Oravi the Kobold Hunter began the quest for the Orb.
     0 | D:1      | Reached XP level 1. HP: 12/12 MP: 1/1
     0 | D:1      | Noticed a black draconian
     0 | D:1      | Noticed a large abomination
     4 | D:1      | Noticed an ice dragon
     4 | D:1      | Noticed a large abomination
     6 | D:1      | Noticed an ice dragon
     7 | D:1      | Noticed a tentacled monstrosity
     8 | D:1      | Noticed an iron dragon
    13 | D:1      | Noticed a large abomination
    13 | D:1      | Noticed a large abomination
    14 | D:1      | Noticed a large abomination
    15 | D:1      | Noticed an orb of fire
    17 | D:1      | Noticed an orb of fire
    17 | D:1      | Noticed an iron dragon
    19 | D:1      | Noticed a large abomination
    19 | D:1      | Noticed a shadow dragon
    21 | D:1      | Noticed a shadow dragon
   188 | D:1      | Reached skill level 5 in Crossbows
   292 | D:1      | Reached skill level 1 in Short Blades
   367 | D:1      | Reached XP level 2. HP: 17/17 MP: 2/2
   909 | D:2      | Found a radiant altar of Vehumet.
  1142 | D:2      | Gained mutation: Your flesh is cold resistant. (rC+) [potion of mutation]
  1142 | D:2      | Gained mutation: You have an increased reservoir of magic. (+10% MP) [potion of mutation]
  1142 | D:2      | Gained mutation: You are agile. (Dex +2) [potion of mutation]
  1148 | D:2      | Reached XP level 3. HP: 5/21 MP: 3/3
  1175 | D:2      | Slain by a worm

Vault maps used:
D:1:      shiori_arrival_whats_in_store_for_you
D:2:      grunt_temple_overflow_order_and_chaos_1, fiery_altar_vehumet,
          first_ration, minmay_small_reverse_x

Skill      XL: |  1  2 |
---------------+-------+-----
Crossbows      | 5 |  5.0
Short Blades   | 1 2 |  2.5
Fighting       | |  2.1
Dodging        | |  2.9
Stealth        | |  1.3

Action                   || total
-------------------------++-------
Melee: Short sword       ||   113
  Use: Potion            ||     3
 Stab: Sleeping          ||     3
  Eat: Chunk             ||     5
Armor: Leather armour    ||    24
       Skin              ||    10
Dodge: Dodged            ||    83

Table legend:
 A = Spawn XP
 B = Non-spawn XP
 C = Spawn XP percentage of total XP
 D = Spawn monster count
 E = Non-spawn monster count
 F = Spawn count percentage of total count
 G = Total turns spent on level
                    A         B        C        D         E        F      G
               +---------+---------+-------+---------+---------+-------+---------
         Total |       0 |      34 |   0.0 |       0 |      24 |   0.0 |  1175
               +---------+---------+-------+---------+---------+-------+---------
           D:1 |       0 |      23 |   0.0 |       0 |      17 |   0.0 |   895
           D:2 |       0 |      11 |   0.0 |       0 |       7 |   0.0 |   280
               +---------+---------+-------+---------+---------+-------+---------
